 Dungeon Crawl Stone Soup version 0.22-a0-247-gbddf880 (webtiles) character file.

63966 MatthieuS the Thaumaturge (level 14, 0/128 HPs)
             Began as a Demonspawn Venom Mage on Feb 23, 2018.
             Was a High Priest of Vehumet.
             Slain by a white ugly thing (25 damage)
             ... on level 14 of the Dungeon on Feb 24, 2018.
             The game lasted 02:05:39 (29070 turns).

MatthieuS the Thaumaturge (Demonspawn Venom Mage)  Turns: 29070, Time: 02:05:40

Health: 0/128      AC: 18    Str: 11    XL:     14   Next: 70%
Magic:  23/29      EV: 23    Int: 22    God:    Vehumet [*****.]
Gold:   1328       SH:  5    Dex: 15    Spells: 12/35 levels left

rFire    + . .     SeeInvis +   a - +2 rapier (venom)
rCold    . . .     Gourm    .   o - +0 buckler
rNeg     . . .     Faith    .   x - +3 leather armour {MR+}
rPois    +         Spirit   .   P - +2 helmet {SInv}
rElec    +         Reflect  .   T - +2 cloak {rPois}
rCorr    .         Harm     .   R - +1 pair of gloves
MR       ++...     Clarity  +   E - +0 pair of boots
Stlth    +++++++...             U - amulet of the Air {Inacc +Fly rElec EV+5 RMsl}
HPRegen  0.31/turn              z - ring of protection from fire
MPRegen  0.21/turn              j - +2 ring of intelligence

@: very slightly contaminated, invisible, repel missiles
A: rugged brown scales 3, clarity, demonic guardian 2, nightstalker 3, robust 1,
electricity resistance, strong 1, evolution 1
a: Renounce Religion, Evoke Flight


You were on level 14 of the Dungeon.
You worshipped Vehumet.
Vehumet was extremely pleased with you.
You were very hungry.

You visited 4 branches of the dungeon, and saw 23 of its levels.
You also visited: Volcano.

You collected 2508 gold pieces.
You spent 1180 gold pieces at shops.

Inventory:

Hand Weapons
 a - a +2 rapier of venom (weapon)
 n - a +0 dagger of electrocution
 w - a +0 hunting sling
 y - the +5 quarterstaff "Ofureis" {flame, rPois rC++}
   (You found it on level 10 of the Dungeon)

   It has been specially enchanted to burn those struck by it, causing extra
   injury to most foes and up to half again as much damage against particularly
   susceptible opponents.
   It greatly protects you from cold.
   It protects you from poison.
Missiles
 e - 346 arrows
 h - 104 sling bullets
 r - a throwing net (quivered)
Armour
 o - a +0 buckler (worn)
 x - a +3 leather armour of magic resistance (worn)
 E - a +0 pair of boots (worn)
 P - a +2 helmet of see invisible (worn)
 R - a +1 pair of gloves (worn)
 T - a +2 cloak of poison resistance (worn)
 V - +0 acid dragon scales
Jewellery
 j - a +2 ring of intelligence (right hand)
 l - an uncursed ring of wizardry
 s - an uncursed ring of protection from cold
 z - a ring of protection from fire (left hand)
 C - a +3 ring of strength {unknown}
 U - the amulet of the Air (around neck) {Inacc +Fly rElec EV+5 RMsl}
   (You found it on level 5 of the Lair of Beasts)

   [amulet of inaccuracy]

   It reduces the accuracy of all your attacks.
   It affects your evasion (+5).
   It insulates you from electricity.
   It lets you fly.
   It protects you from missiles.
Wands
 g - a wand of acid (10)
 p - a wand of digging (5)
 H - a wand of iceblast (6)
 I - a wand of flame (53)
 W - a wand of polymorph (9)
Scrolls
 c - 7 scrolls of remove curse
 q - 2 scrolls of blinking
 u - 4 scrolls of immolation
 D - a scroll of enchant armour
 F - 3 scrolls of fear
 J - 3 scrolls of fog
 K - a scroll of silence
 O - 2 scrolls of amnesia
 Q - 2 scrolls of teleportation
 S - 2 scrolls of magic mapping
Potions
 d - 2 potions of ambrosia
 f - 8 potions of brilliance
 i - 2 potions of mutation
 k - 2 potions of haste
 m - a potion of cancellation
 t - 9 potions of flight
 v - 8 potions of curing
 A - a potion of resistance
 B - 2 potions of might
 G - 2 potions of experience {unknown}
 N - a potion of berserk rage
 X - a potion of heal wounds
Miscellaneous
 M - a lightning rod (4/4)
Comestibles
 b - 23 rations


   Skills:
 + Level 10.1 Fighting
 - Level 3.0 Short Blades
 - Level 2.3 Staves
 - Level 2.5 Armour
 + Level 9.4 Dodging
 - Level 8.3 Stealth
 - Level 4.0 Shields
 * Level 11.0 Spellcasting
 + Level 10.2 Conjurations
 + Level 6.1 Charms
 + Level 10.9 Poison Magic


You had 12 spell levels left.
You knew the following spells:

 Your Spells              Type           Power        Failure   Level  Hunger
a - Magic Dart            Conj           ####         1%          1    None
b - Poisonous Vapours     Pois/Air       #####.       1%          2    None
c - Iskenderun's Battles  Conj/Chrm      #####...     1%          5    ####...
d - Venom Bolt            Conj/Pois      ######....   1%          5    ####...
e - Sting                 Conj/Pois      ####         1%          1    None
f - Searing Ray           Conj           ######       1%          2    None
g - Olgreb's Toxic Radia  Pois           ######..     1%          4    #......
h - Mephitic Cloud        Conj/Pois/Air  #####...     1%          3    None


Dungeon Overview and Level Annotations

Branches:
Dungeon (14/15)            Temple (1/1) D:5            Lair (6/6) D:10
 Shoals (0/4) Lair:4        Snake (0/4) Lair:2          Orc (2/2) D:9
    Elf (0/3) Orc:2
  Slime: Lair:5-6    Vaults: D:13-14

Altars:
Ashenzari
Cheibriados
Dithmenos
Elyvilon
Fedhas
Gozag
Hepliaklqana
Kikubaaqudgha
Makhleb
Nemelex Xobeh
Okawaru
Qazlal
Ru
Sif Muna
Trog
Uskayaw
Vehumet
Wu Jian
Xom
Yredelemnul
Zin
The Shining One
Beogh

Shops:
D:4 *   D:10 %   D:14 !   Orc:2 [((}

Portals:
Trove: D:12 (show abyssal rune of Zot)

Annotations:
D:2 1 runed door
D:14 1 runed door
Orc:2 samfromsteam's ghost, journeyman MiBe


Innate Abilities, Weirdness & Mutations

You are completely covered in rugged brown scales. (AC +3, +7% HP)
A demonic guardian rushes to your aid.
You are completely attuned to the shadows.
You possess an exceptional clarity of mind.
You are robust. (+10% HP)
You are resistant to electric shocks. (rElec)
Your muscles are strong. (Str +2)
You evolve.


Message History

The white ugly thing is poisoned.
The wyvern barely misses you.
Unknown command.
The wyvern looks even sicker.
The white ugly thing barely misses you.
The wyvern looks even sicker.
The white ugly thing looks even sicker.
Your ice devil misses the white ugly thing.
You kill the wyvern!
Vehumet accepts your kill.
You feel your power returning.
Your toxic aura wanes.
Your ice devil disappears in a puff of smoke!
The white ugly thing headbutts you but does no damage.
You fade into invisibility!
The white ugly thing closely misses you.
You hit the white ugly thing.
The white ugly thing is moderately wounded.
The white ugly thing looks more healthy.
The white ugly thing headbutts you.
* * * LOW HITPOINT WARNING * * *
The white ugly thing freezes you!!
You die...

#....# #§...# #....#
#....# #....#
#....#.# ###....#.#
#.)u...#.#
#..@...#.###########
#.........>....)....
#.........3.........
#........u..........
....................
.>............####
#####....†...#
#........#
#........#


You could see a white ugly thing (wandering).

Vanquished Creatures
  3 orc warlords
  Snorg (D:10)
  2 hydras
  4 death yaks (Lair:5)
  A centaur warrior (D:13)
  Urug (D:10)
  3 two-headed ogres
  Sonja (D:11)
  A hell knight (Volcano)
  Pikel (D:5)
  2 unseen horrors
  A lindwurm (Lair:6)
  3 orc knights (Orc:1)
  A cyclops (D:12)
  A manticore (Lair:4)
  An orc sorcerer (Orc:2)
  5 ugly things
  10 elephants
  Maurice (Orc:1)
  5 black mambas
  3 molten gargoyles (Lair:6)
  A smoke demon (Volcano)
  A rime drake (Lair:3)
  A freezing wraith (D:14)
  3 gargoyles
  7 spiny frogs
  6 komodo dragons
  6 trolls
  A hornet (D:13)
  A queen bee (Lair:1)
  Grinder (D:6)
  10 blink frogs
  8 hippogriffs
  A spriggan (D:7)
  4 wyverns
  21 yaks
  6 vampire mosquitoes (D:12)
  Eustachio (D:5)
  Grum (D:11)
  3 steam dragons
  5 basilisks
  3 wargs
  Menkaure (D:5)
  3 nagas (Lair:2)
  2 acid dragons
  5 hell hounds
  9 water moccasins
  Duvessa (D:6)
  39 orc warriors
  6 porcupines
  3 phantoms
  4 ice beasts
  5 sky beasts
  A slave (D:5)
  A necrophage (D:10)
  2 black bears
  7 centaurs
  7 ogres
  2 eyes of draining
  12 crocodiles
  6 wolves
  A big kobold (D:11)
  8 bullfrogs
  A wyvern zombie (D:12)
  4 scorpions
  22 killer bees (Lair:1)
  19 wights
  6 howler monkeys
  2 bullfrog zombies
  A centaur zombie (D:12)
  5 crimson imps
  5 lava snakes (Lair:6)
  21 orc priests
  5 hounds
  A bullfrog skeleton (D:8)
  A centaur skeleton (D:12)
  3 jellies
  5 iguanas
  39 orc wizards
  7 worker ants
  A howler monkey zombie (D:9)
  8 gnolls
  9 adders
  A howler monkey skeleton (D:7)
  A shadow imp (D:5)
  An adder skeleton (D:9)
  A dart slug (D:3)
  5 leopard geckos
  126 orcs
  2 ball pythons
  10 bats
  9 giant cockroaches
  7 goblins
  7 hobgoblins
  7 jackals
  2 quokkas
  2 frilled lizards (D:2)
  A jackal skeleton (D:8)
  6 kobolds
  5 rats
625 creatures vanquished.

Vanquished Creatures (collateral kills)
  A fire dragon (Lair:6)
  Erolcha (D:13)
  3 hydras
  A two-headed ogre (D:9)
  A death yak (Lair:5)
  An orc sorcerer (Orc:1)
  An ugly thing (D:12)
  5 elephants (Lair:6)
  A torpor snail (Lair:4)
  2 black mambas (Lair:6)
  2 komodo dragons (Lair:6)
  2 dream sheep (Lair:4)
  3 blink frogs (Lair:1)
  Sigmund (D:2)
  7 yaks
  A naga (Lair:2)
  2 hell hounds (Lair:6)
  A water moccasin (Lair:3)
  5 orc warriors
  A bullfrog (D:6)
  Dowan (D:6)
  A scorpion (D:5)
  A killer bee (Lair:1)
  An orc priest (Orc:1)
  2 orc wizards
  A gnoll (D:8)
  5 orcs
  A jackal (D:6)
  A frilled lizard (D:3)
56 creatures vanquished.

Vanquished Creatures (others)
  2 fungi
  8 plants (Lair:6)
10 creatures vanquished.

Grand Total: 691 creatures vanquished

Notes
Turn   | Place    | Note
-------+----------+-------------------------------------------
     0 | D:1      | MatthieuS the Demonspawn Venom Mage began the quest for the Orb.
     0 | D:1      | Reached XP level 1. HP: 13/13 MP: 3/3
   338 | D:1      | Gained mutation: A weak demonic guardian rushes to your aid. [demonic ancestry]
   338 | D:1      | Reached XP level 2. HP: 20/20 MP: 1/5
   761 | D:1      | Learned a level 2 spell: Poisonous Vapours
   885 | D:1      | Reached skill level 1 in Fighting
   885 | D:1      | Gained mutation: You are slightly more attuned to the shadows. [demonic ancestry]
   885 | D:1      | Reached XP level 3. HP: 26/26 MP: 4/6
  1614 | D:2      | Reached XP level 4. HP: 32/32 MP: 3/7
  1668 | D:2      | Learned a level 4 spell: Olgreb's Toxic Radiance
  1712 | D:2      | Found a runed door.
  1799 | D:2      | Noticed Sigmund
  1819 | D:2      | Killed Sigmund
  1819 | D:2      | Reached XP level 5. HP: 16/38 MP: 1/9
  2303 | D:3      | Noticed an ogre
  2309 | D:3      | Killed an ogre
  2309 | D:3      | Gained mutation: You are significantly more attuned to the shadows. [demonic ancestry]
  2309 | D:3      | Reached XP level 6. HP: 44/44 MP: 2/10
  2917 | D:4      | Found Xesir's General Store.
  2922 | D:4      | Bought a scroll of teleportation for 39 gold pieces
  2922 | D:4      | Bought a scroll of blinking for 97 gold pieces
  2981 | D:4      | Reached skill level 3 in Spellcasting
  3545 | D:5      | Entered Level 5 of the Dungeon
  3684 | D:5      | Found a hide-covered altar of Uskayaw.
  3733 | D:5      | Noticed Eustachio
  3739 | D:5      | Found a staircase to the Ecumenical Temple.
  3756 | D:5      | Killed Eustachio
  3756 | D:5      | Gained mutation: You are partially covered in rugged brown scales. (AC +1, +3% HP) [demonic ancestry]
  3756 | D:5      | Reached XP level 7. HP: 30/52 MP: 0/11
  3774 | Temple   | Entered the Ecumenical Temple
  3860 | Temple   | Became a worshipper of Vehumet
  3899 | D:5      | Noticed Menkaure
  3914 | D:5      | Learned a level 5 spell: Venom Bolt
  3929 | D:5      | Killed Menkaure
  3929 | D:5      | Reached skill level 5 in Poison Magic
  4444 | D:5      | Noticed Pikel
  4456 | D:5      | Killed Pikel
  4456 | D:5      | Reached skill level 1 in Short Blades
  4456 | D:5      | Reached XP level 8. HP: 37/59 MP: 5/13
  4482 | D:5      | Reached skill level 4 in Spellcasting
  4705 | D:6      | Noticed Dowan
  4712 | D:6      | Noticed Duvessa
  4719 | D:6      | Killed Duvessa
  4721 | D:6      | Killed Dowan
  5014 | D:6      | Reached * piety under Vehumet
  5014 | D:6      | Offered knowledge of Magic Dart by Vehumet.
  5021 | D:6      | Learned a level 1 spell: Magic Dart
  5656 | D:6      | Gained mutation: You are mostly covered in rugged brown scales. (AC +2, +5% HP) [demonic ancestry]
  5656 | D:6      | Reached XP level 9. HP: 61/68 MP: 9/15
  5748 | D:6      | Noticed Grinder
  5767 | D:6      | Killed Grinder
  5767 | D:6      | Reached skill level 5 in Stealth
  6532 | D:7      | Reached skill level 5 in Conjurations
  6609 | D:7      | Gained mutation: You possess an exceptional clarity of mind. [potion of mutation]
  6609 | D:7      | Gained mutation: You are resistant to electric shocks. (rElec) [potion of mutation]
  6609 | D:7      | Gained mutation: You evolve. [potion of mutation]
  6819 | D:6      | Offered knowledge of Searing Ray by Vehumet.
  6829 | D:6      | Reached ** piety under Vehumet
  6931 | D:6      | Learned a level 2 spell: Searing Ray
  7136 | D:7      | Reached skill level 1 in Shields
  7414 | D:7      | Reached skill level 5 in Spellcasting
  7698 | D:7      | Reached skill level 5 in Dodging
  7701 | D:7      | Reached skill level 5 in Fighting
  8280 | D:8      | Noticed a two-headed ogre
  8293 | D:8      | Killed a two-headed ogre
  8293 | D:8      | Gained mutation: You are completely covered in rugged brown scales. (AC +3, +7% HP) [demonic ancestry]
  8293 | D:8      | Reached XP level 10. HP: 71/79 MP: 9/18
  8797 | D:8      | Noticed a two-headed ogre
  8822 | D:8      | Killed a two-headed ogre
  9131 | D:8      | Found a glowing golden altar of the Shining One.
  9338 | D:9      | Offered knowledge of Throw Flame by Vehumet.
  9717 | D:9      | Learned a level 2 spell: Throw Flame
  9739 | D:9      | Noticed a two-headed ogre
  9761 | D:9      | Killed a two-headed ogre
  9932 | D:9      | Gained mutation: Your muscles are strong. (Str +2) [evolution]
  9974 | D:9      | Reached *** piety under Vehumet
 10350 | D:9      | Noticed a two-headed ogre
 10359 | D:9      | Killed a two-headed ogre
 10359 | D:9      | Reached skill level 6 in Spellcasting
 10367 | D:9      | Found a shattered altar of Ashenzari.
 10425 | D:9      | Offered knowledge of Throw Icicle by Vehumet.
 10990 | D:9      | Reached XP level 11. HP: 19/87 MP: 5/20
 10998 | D:9      | Reached **** piety under Vehumet
 11418 | D:9      | Found a staircase to the Orcish Mines.
 11541 | Orc:1    | Entered Level 1 of the Orcish Mines
 11557 | Orc:1    | Offered knowledge of Sticky Flame by Vehumet.
 11610 | Orc:1    | Learned a level 3 spell: Mephitic Cloud
 11764 | Orc:2    | Entered Level 2 of the Orcish Mines
 11769 | Orc:2    | Noticed an orc warlord
 11976 | D:10     | Entered Level 10 of the Dungeon
 12282 | D:10     | Noticed Snorg
 12285 | D:10     | Noticed Urug
 12315 | D:10     | Killed Snorg
 12360 | D:10     | Reached ***** piety under Vehumet
 12394 | D:10     | Found Ubran's Food Shoppe.
 12419 | D:10     | Killed Urug
 12898 | D:10     | Found a staircase to the Lair.
 13310 | D:10     | Got an encrusted quarterstaff
 13316 | D:10     | Identified the +5 quarterstaff "Ofureis" {flame, rPois rC++} (You found it on level 10 of the Dungeon)
 13363 | Lair:1   | Entered Level 1 of the Lair of Beasts
 13416 | Lair:1   | Offered knowledge of Iskenderun's Battlesphere by Vehumet.
 13424 | Lair:1   | Learned a level 5 spell: Iskenderun's Battlesphere
 13502 | Lair:1   | Reached skill level 1 in Armour
 13897 | Lair:1   | Reached skill level 7 in Spellcasting
 14083 | Lair:1   | Gained mutation: Armour fits poorly on your strangely shaped body. [evolution]
 14319 | Lair:1   | Reached skill level 1 in Charms
 14327 | Lair:1   | Reached XP level 12. HP: 64/97 MP: 4/22
 14486 | Lair:1   | Noticed a six-headed hydra
 14499 | Lair:1   | Killed a six-headed hydra
 15047 | Lair:1   | Reached skill level 1 in Staves
 15491 | Lair:2   | Found a staircase to the Snake Pit.
 15550 | Lair:2   | Found the +8 demon blade "Leech" {vamp, rN+ AC-3 EV-3}
 16041 | Lair:3   | Found a dark tunnel.
 16050 | Volcano  | Entered a volcano
 17255 | Lair:3   | Reached skill level 8 in Spellcasting
 18259 | Lair:4   | Gained mutation: A demonic guardian rushes to your aid. [demonic ancestry]
 18259 | Lair:4   | Reached XP level 13. HP: 102/105 MP: 10/25
 18461 | Lair:4   | Found a staircase to the Shoals.
 19398 | Lair:5   | Reached skill level 9 in Spellcasting
 20025 | Lair:5   | Found the amulet of the Air {Inacc +Fly rElec EV+5 RMsl}
 20200 | Lair:6   | Entered Level 6 of the Lair of Beasts
 21334 | Lair:6   | Reached skill level 10 in Poison Magic
 21383 | Lair:6   | Gained mutation: You are robust. (+10% HP) [evolution]
 21600 | Lair:6   | Found a large runed door.
 21661 | Lair:6   | Noticed a fire dragon
 21723 | Lair:6   | Found a large runed door.
 21949 | Lair:6   | Got an ancient hand axe
 21950 | Lair:6   | Identified the +7 hand axe of Welfare {freeze, rElec Str+3} (You found it on level 6 of the Lair of Beasts)
 22059 | Lair:6   | Killed a fire dragon
 22434 | Orc:1    | Noticed Maurice
 22459 | Orc:1    | Killed Maurice
 22970 | Orc:1    | Found a runed door.
 23081 | Orc:1    | Reached skill level 5 in Charms
 23094 | Orc:1    | Reached skill level 10 in Spellcasting
 23114 | Orc:1    | Gained mutation: You are completely attuned to the shadows. [demonic ancestry]
 23114 | Orc:1    | Reached XP level 14. HP: 92/126 MP: 3/28
 23187 | Orc:1    | Noticed an orc warlord
 23201 | Orc:1    | Killed an orc warlord
 23348 | Orc:1    | Offered knowledge of Bolt of Cold by Vehumet.
 23349 | Orc:1    | Lost mutation: Armour fits poorly on your strangely shaped body. [evolution]
 23356 | Orc:1    | Found a roughly hewn altar of Beogh.
 23546 | Orc:2    | Noticed samfromsteam's ghost (journeyman MiBe)
 23874 | Orc:2    | Found a staircase to the Elven Halls.
 23941 | Orc:2    | Found a roughly hewn altar of Beogh.
 24230 | Orc:2    | Found a roughly hewn altar of Beogh.
 24347 | Orc:2    | Found a roughly hewn altar of Beogh.
 24351 | Orc:2    | Found Qenlupoa's Weapon Emporium.
 24387 | Orc:2    | Found a roughly hewn altar of Beogh.
 24604 | Orc:2    | Killed an orc warlord
 24851 | Orc:2    | Found a roughly hewn altar of Beogh.
 24868 | Orc:2    | Found Xorphusug's Gadget Shoppe.
 24918 | Orc:2    | Offered knowledge of Lightning Bolt by Vehumet.
 25036 | Orc:2    | Noticed an orc warlord
 25053 | Orc:2    | Killed an orc warlord
 25228 | Orc:2    | Found Zalucrio's Antique Armour Shoppe.
 25232 | Orc:2    | Found a roughly hewn altar of Beogh.
 25232 | Orc:2    | Found Oxynann's Antique Weapon Emporium.
 25244 | Orc:2    | Bought a smoking robe for 136 gold pieces
 25244 | Orc:2    | Bought a shiny helmet for 180 gold pieces
 25244 | Orc:2    | Bought a pair of runed gloves for 180 gold pieces
 25244 | Orc:2    | Bought a glowing cloak for 180 gold pieces
 25274 | Orc:2    | Identified the +1 robe of Xom's Generosity {Dex+2} (You bought it in a shop on level 2 of the Orcish Mines)
 25902 | D:11     | Got a spiked ring mail
 25913 | D:11     | Identified the +2 ring mail of Ziuzybur {*Slow rF- Str+8 Int+5} (You found it on level 11 of the Dungeon)
 25924 | D:11     | Noticed Sonja
 25929 | D:11     | Killed Sonja
 26498 | D:11     | Noticed Grum
 26509 | D:11     | Killed Grum
 27184 | D:12     | Reached skill level 10 in Conjurations
 27353 | D:12     | Offered knowledge of Freezing Cloud by Vehumet.
 27376 | D:12     | Reached skill level 10 in Fighting
 27400 | D:12     | Found a portal to a secret trove of treasure.
 27924 | D:13     | Noticed Erolcha
 27931 | D:13     | Killed Erolcha
 28641 | D:14     | Found Xetarch's Distillery.
 28652 | D:14     | Bought a potion of curing for 48 gold pieces
 28652 | D:14     | Bought a potion of curing for 48 gold pieces
 28652 | D:14     | Bought a potion of curing for 48 gold pieces
 28652 | D:14     | Bought a potion of curing for 48 gold pieces
 28652 | D:14     | Bought a potion of ambrosia for 128 gold pieces
 28652 | D:14     | Bought a potion of curing for 48 gold pieces
 28821 | D:14     | Found a runed warning-scrawled door.
 28887 | D:14     | Reached skill level 11 in Spellcasting
 29070 | D:14     | Slain by a white ugly thing

Vault maps used:
D:1:      saegor_arrival_under_anarchy
D:2:      uniq_crazy_yiuf_cottage, uniq_sigmund
D:3:      first_ration, minmay_misc_feat_plants
D:4:      serial_shops, kennysheep_little_box, hex_tiny
D:5:      nicolae_overflow_crystal_walls, minmay_temple_entry_statues_pillars,
          nicolae_sextant, kennysheep_generic_room_15, uniq_eustachio,
          uniq_pikel, uniq_menkaure
D:6:      uniq_duvessa, uniq_grinder
D:7:      the_bakery
D:8:      nicolae_tso_swordbearing_angel
D:9:      david_orc_4, cheibrodos_ashenzari_chains
D:10:     minmay_lair_entry_grove, serial_shops, shop_statue, uniq_snorg,
          uniq_urug
D:11:     uniq_grum, uniq_sonja
D:12:     nicolae_trove_entry_crystal
D:13:     uniq_erolcha
D:14:     minmay_big_diamond_grid, grunt_vaults_entry_tiered,
          hangedman_abyss_or_decor_stabs, serial_shops, shop, mikee_hates_you
Temple:   kilobyte_greek_temple
Lair:1:   grunt_megastairs_4
Lair:2:   minmay_snake_entry_guardpost_small, infiniplex_staircase_pool
Lair:3:   lightli_volcano_entry_magma_tube, serial_bayou_pond_e,
          lemuel_fruit_tree
Lair:4:   minmay_shoals_entry_beasts
Lair:6:   cheibrodos_lair_end_hotspot, minmay_slime_entry_pillars
Orc:1:    lightli_church_of_beogh, uniq_maurice
Orc:2:    grunt_orc_community_town_hall, grunt_orc_community_big_house_2,
          grunt_orc_community_big_house_1, grunt_orc_community_house_1,
          grunt_orc_community_house_2, grunt_orc_community_house_2,
          grunt_orc_community_house_2, grunt_orc_community_house_2, mines2_david
Volcano:  volcano_pools

Skill      XL: |  1  2  3  4  5  6  7  8  9 10 11 12 13 14 |
---------------+-------------------------------------------+-----
Stealth        | 2 3 4 5 6 7 8 |  8.3
Dodging        | 2 3 4 5 6 7 8 9 |  9.4
Fighting       | 1 2 3 4 5 6 7 8 9 10 | 10.1
Conjurations   | 2 3 4 5 6 7 8 9 10 | 10.2
Poison Magic   | 4 5 6 7 8 9 10 | 10.9
Spellcasting   | 3 4 5 6 7 8 10 11 | 11.0
Short Blades   | 1 2 3 |  3.0
Shields        | 2 3 4 |  4.0
Armour         | 2 |  2.5
Charms         | 1 3 5 6 |  6.1
Staves         | 2 |  2.3

Action                   |  1- 3 |  4- 6 |  7- 9 | 10-12 | 13-15 || total
-------------------------+-------+-------+-------+-------+-------++-------
Melee: Short sword       |    21 |       |       |       |       ||    21
       Rapier            |       |       |   308 |   163 |   207 ||   678
       Quarterstaff      |       |       |       |    72 |   104 ||   176
 Fire: Hunting sling     |    25 |    34 |       |       |       ||    59
 Cast: Sting             |    42 |    81 |    26 |   107 |   125 ||   381
       Poisonous Vapours |       |    11 |    42 |    98 |   135 ||   286
       Olgreb's Toxic Ra |       |       |     8 |    39 |    57 ||   104
       Magic Dart        |       |       |    15 |   106 |   208 ||   329
       Searing Ray       |       |       |     5 |    29 |     4 ||    38
       Throw Flame       |       |       |       |    17 |       ||    17
       Venom Bolt        |       |       |       |    21 |    61 ||    82
       Iskenderun's Batt |       |       |       |    28 |    41 ||    69
       Mephitic Cloud    |       |       |       |     4 |       ||     4
Evoke: Wand              |       |     1 |    10 |     4 |    13 ||    28
       Phantom mirror    |       |       |       |       |     1 ||     1
  Use: Potion            |       |     4 |     8 |     8 |     6 ||    26
       Scroll            |       |     3 |     3 |    14 |    16 ||    36
 Stab: Sleeping          |       |       |     4 |     1 |    12 ||    17
       Paralysed         |       |       |     7 |       |       ||     7
       Distracted        |       |       |     3 |     4 |     3 ||    10
       Invisible         |       |       |       |     7 |     4 ||    11
       Confused          |       |       |       |     1 |       ||     1
  Eat: Chunk             |     1 |     8 |    12 |    34 |    41 ||    96
       Ration            |       |       |     3 |     4 |     4 ||    11
Armor: Robe              |    11 |       |       |       |       ||    11
       Leather armour    |     1 |     4 |   120 |   126 |   112 ||   363
       Skin              |       |       |       |    22 |       ||    22
       Troll leather arm |       |       |       |       |    32 ||    32
Dodge: Dodged            |    22 |    42 |   212 |   303 |   636 ||  1215
       Deflected         |       |       |       |       |    11 ||    11
Block: Buckler           |       |       |       |    32 |    65 ||    97

Table legend:
 A = Spawn XP
 B = Non-spawn XP
 C = Spawn XP percentage of total XP
 D = Spawn monster count
 E = Non-spawn monster count
 F = Spawn count percentage of total count
 G = Total turns spent on level
                    A         B        C        D         E        F      G
               +---------+---------+-------+---------+---------+-------+---------
         Total |       0 |   91381 |   0.0 |       0 |     680 |   0.0 | 29070
               +---------+---------+-------+---------+---------+-------+---------
           D:1 |       0 |      46 |   0.0 |       0 |      25 |   0.0 |  1077
           D:2 |       0 |     279 |   0.0 |       0 |      23 |   0.0 |  1172
           D:3 |       0 |     194 |   0.0 |       0 |      20 |   0.0 |   636
           D:4 |       0 |      40 |   0.0 |       0 |       2 |   0.0 |   775
           D:5 |       0 |    1397 |   0.0 |       0 |      26 |   0.0 |   833
           D:6 |       0 |    1572 |   0.0 |       0 |      32 |   0.0 |  1944
           D:7 |       0 |    1626 |   0.0 |       0 |      29 |   0.0 |  1656
           D:8 |       0 |    1998 |   0.0 |       0 |      10 |   0.0 |   982
           D:9 |       0 |    4195 |   0.0 |       0 |      54 |   0.0 |  2488
          D:10 |       0 |    4235 |   0.0 |       0 |      29 |   0.0 |  1470
          D:11 |       0 |    4032 |   0.0 |       0 |      25 |   0.0 |  1060
          D:12 |       0 |    7111 |   0.0 |       0 |      42 |   0.0 |  1003
          D:13 |       0 |    3081 |   0.0 |       0 |      11 |   0.0 |   856
          D:14 |       0 |    2660 |   0.0 |       0 |      13 |   0.0 |   478
        Lair:1 |       0 |    7885 |   0.0 |       0 |      51 |   0.0 |  2054
        Lair:2 |       0 |    1208 |   0.0 |       0 |       8 |   0.0 |   552
        Lair:3 |       0 |    9325 |   0.0 |       0 |      33 |   0.0 |  1465
        Lair:4 |       0 |    2863 |   0.0 |       0 |      11 |   0.0 |   673
        Lair:5 |       0 |    6102 |   0.0 |       0 |      13 |   0.0 |  1687
        Lair:6 |       0 |   13112 |   0.0 |       0 |      42 |   0.0 |  1754
         Orc:1 |       0 |    8373 |   0.0 |       0 |      72 |   0.0 |  1926
         Orc:2 |       0 |    8100 |   0.0 |       0 |     104 |   0.0 |  1689
       Volcano |       0 |    1947 |   0.0 |       0 |       5 |   0.0 |   717
               +---------+---------+-------+---------+---------+-------+---------
